 Dungeon Crawl Stone Soup version 0.29.1-1-gd02db6906a (webtiles) character file.

Game seed: 1314485957610875773

5717 RogueRain17 the Cleaver (level 10, -2/67 HPs)
             Began as a Demonspawn Gladiator on Sept 18, 2022.
             Slain by an orc warrior
             ... wielding a +0 glaive
              (8 damage)
             ... in a bailey on Sept 19, 2022.
             The game lasted 00:21:53 (11313 turns).

RogueRain17 the Cleaver (Demonspawn Gladiator)     Turns: 11313, Time: 00:21:54

Health: -2/67      AC: 17    Str: 18    XL:     10   Next: 48%
Magic:  10/10      EV: 10    Int: 11    God:
Gold:   646        SH:  4    Dex: 14    Spells: 9/9 levels left

rFire   . . .      SeeInvis .   u - +0 war axe (vorpal)
rCold   . . .      Faith    .   (no shield)
rNeg    . . .      Spirit   .   x - +1 plate armour
rPois   .          Reflect  .   c - +0 helmet
rElec   .          Harm     .   z - +0 cloak
rCorr   .          Rampage  .   g - +0 pair of gloves
Will    .....                   (no boots)
Stlth   ..........              (no amulet)
HPRegen 0.21/turn               (no ring)
MPRegen 0.12/turn               (no ring)

@: hasted, very quick
A: hooves 1, demonic guardian 2, sturdy frame 2, condensation shield
a: no special abilities


You were in a bailey.
You visited 1 branch of the dungeon, and saw 8 of its levels.
You also visited: Bailey.

You collected 646 gold pieces.

Inventory:

Hand Weapons
 a - a +0 war axe
 u - a +0 vorpal war axe (weapon)
Missiles
 e - 6 javelins (quivered)
 h - 25 poisoned darts
Armour
 c - a +0 helmet (worn)
 f - an orb of guile
 g - a +0 pair of gloves (worn)
 x - a +1 plate armour (worn)
 z - a +0 cloak (worn)
Jewellery
 y - a +4 ring of protection
 B - a ring of poison resistance
 C - a ring of see invisible
Wands
 E - a wand of paralysis (7)
Scrolls
 b - 2 scrolls of brand weapon
 j - 3 scrolls of teleportation
 k - a scroll of torment
 o - 2 scrolls of poison
 t - a scroll of immolation
 A - a scroll of fog
 D - a scroll of enchant weapon
 I - 2 scrolls of amnesia
Potions
 i - 2 potions of haste
 l - a potion of degeneration {unknown}
 n - 5 potions of attraction {unknown}
 p - 6 potions of curing {unknown}
 q - a potion of flight {unknown}
 r - 3 potions of heal wounds
 s - 2 potions of might {unknown}
 v - 3 potions of mutation {unknown}
 w - a potion of brilliance {unknown}
 G - 2 potions of invisibility {unknown}


   Skills:
 - Level 2.0 Fighting
 * Level 12.1 Axes
 - Level 1.7 Throwing
 + Level 6.4 Armour
 - Level 5.8 Dodging


You had 9 spell levels left.
You didn't know any spells.
Your spell library contained the following spells:

 Spells                   Type           Power      Damage    Failure   Level
 Freeze                   Ice            0%         1d3       95%         1
 Necrotise                Necr           0%         1d4       95%         1
 Sting                    Tmut/Pois      0%         1d3       95%         1
 Blink                    Tloc           0%         N/A       99%         2
 Ensorcelled Hibernation  Hex/Ice        0%         N/A       99%         2
 Poisonous Vapours        Pois/Air       0%         N/A       99%         2
 Frozen Ramparts          Ice            0%         1d1       100%        3
 Gell's Gravitas          Tloc           0%         N/A       100%        3
 Portal Projectile        Hex/Tloc       0%         N/A       100%        3
 Spider Form              Tmut/Pois      0%         N/A       100%        3
 Teleport Other           Tloc           0%         N/A       100%        3
 Tukima's Dance           Hex            0%         N/A       100%        3
 Vampiric Draining        Necr           0%         2d6       100%        3
 Anguish                  Hex/Necr       0%         N/A       100%        4
 Hailstorm                Conj/Ice       0%         3d3       100%        4
 Ice Form                 Ice/Tmut       0%         N/A       100%        4
 Olgreb's Toxic Radiance  Pois           0%         N/A       100%        4
 Agony                    Necr           0%         N/A       100%        5
 Blade Hands              Tmut           0%         N/A       100%        5
 Manifold Assault         Tloc           0%         N/A       100%        5
 Dispersal                Tloc           0%         N/A       100%        6
 Simulacrum               Ice/Necr       0%         N/A       100%        6
 Storm Form               Tmut/Air       0%         N/A       100%        7


Dungeon Overview and Level Annotations

Branches:
Dungeon (8/15)             Temple (0/1) D:7            Lair (0/5) D:8
 Bailey (1/1)

Altars:
Ashenzari
Cheibriados
Fedhas
Qazlal
Sif Muna
Uskayaw
Yredelemnul

Shops:
D:2 [

Annotations:
D:5 1 runed translucent door, Crazy Yiuf
D:8 2 transporters


Innate Abilities, Weirdness & Mutations

You have large cloven feet.
A demonic guardian rushes to your aid.
Your movements are less encumbered by armour. (ER -4)
A meltable shield of frost defends you. (SH +4)


Message History

You hit the orc warrior but do no damage.
The orc warrior is severely wounded.
The orc warrior hits you with a +0 glaive.
You barely miss the orc warrior.
You kick the orc warrior, but do no damage.
The orc warrior is severely wounded.
A centaur comes into view. It is wielding a +0 halberd.
The orc hits you from afar with a +3 halberd!
The orc warrior hits you with a +0 glaive!
You closely miss the orc warrior.
The centaur shouts!
Your punch misses the orc warrior.
The orc warrior is severely wounded.
The orc hits you from afar with a +3 halberd!
The orc warrior hits you with a +0 glaive.
The orc warrior hits you but does no damage.
There is an open gate here.
There is a fountain of clear blue water here.
You feel much better.
The orc warrior hits you from afar with a +0 glaive!
Okay, then.
You feel yourself speed up. The orc warrior completely misses you.
You block the orc's attack.
You hit the orc warrior but do no damage.
You kick the orc warrior, but do no damage.
You hit the orc. The orc barely misses you.
The orc warrior hits you with a +0 glaive!
A demonic guardian appears!
The orc warrior hits you from afar with a +0 glaive.
You hit the orc warrior but do no damage.
You hit the orc but do no damage.
The orc hits you from afar with a +0 spear.
* * * LOW HITPOINT WARNING * * *
The orc warrior hits you from afar with a +0 glaive.
* * * LOW HITPOINT WARNING * * *
The orc hits you with a +3 halberd.
* * * LOW HITPOINT WARNING * * *
Your ice devil hits the orc warrior!
Your ice devil freezes the orc warrior!
The orc warrior hits you from afar with a +0 glaive!
You die...

#≈≈..≈≈.≈≈≈...≈≈≈.≈.≈≈.#).#####
#≈≈⌠..≈≈..≈≈≈≈≈..≈≈.≈)##.o#
##≈≈...≈≈≈.....≈≈≈.≈≈.#o).#
##≈≈....≈≈≈≈≈≈≈..≈≈).#..o#
##≈..≈≈.......≈≈≈.⌠.#...#
#≈...≈≈≈≈≈≈≈≈≈....##...#
#≈............#####....#
####'##########o.......#
#.....)....@...o......##
##..........4ooo.....##
##≈≈≈≈≈≈≈≈≈≈≈≈≈≈≈≈≈##
###################


You could see 2 orc warriors, 3 orcs and a friendly ice devil (summoned).

Vanquished Creatures
  Grinder (D:6)
  Sigmund (D:4)
  Eustachio (D:6)
  A water moccasin (D:5)
  An ice beast (D:7)
  2 orc warriors (Bailey)
  3 wolves (D:8)
  5 ogres
  3 centaurs
  2 phantoms
  2 kobold brigands
  A bullfrog (D:8)
  A gnoll sergeant (D:4)
  4 scorpions
  2 necrophages
  3 wights (D:7)
  11 killer bees
  4 howler monkeys
  An electric eel (D:8)
  8 hounds
  2 jellies
  9 orc priests
  A gnoll bouda (D:6)
  7 iguanas
  7 orc wizards
  19 gnolls
  7 adders
  2 shadow imps (D:6)
  2 white imps
  3 worms
  A dart slug (D:3)
  58 orcs
  4 endoplasms
  3 giant cockroaches
  8 hobgoblins
  15 jackals
  5 quokkas
  4 ball pythons
  4 bats
  2 frilled lizards (D:2)
  9 goblins
  12 kobolds
  4 rats
245 creatures vanquished.

Vanquished Creatures (collateral kills)
  A troll (D:8)
  A steam dragon (D:7)
  2 orc warriors (Bailey)
  2 wolves (D:8)
  A phantom (D:4)
  2 wights (D:7)
  An orc priest (D:4)
  2 gnolls (D:4)
  2 orcs
  A ball python (D:4)
15 creatures vanquished.

Vanquished Creatures (others)
  3 plants
3 creatures vanquished.

Grand Total: 263 creatures vanquished

Notes
Turn   | Place    | Note
-------+----------+-------------------------------------------
     0 | D:1      | RogueRain17 the Demonspawn Gladiator began the quest for
                  | the Orb.
     0 | D:1      | Reached XP level 1. HP: 16/16 MP: 1/1
   286 | D:1      | Reached skill level 3 in Axes
   322 | D:1      | Gained mutation: You have large cloven feet. [demonic
                  | ancestry]
   322 | D:1      | Reached XP level 2. HP: 19/22 MP: 2/2
   639 | D:1      | Found a faded altar of an unknown god.
  1175 | D:2      | Reached XP level 3. HP: 26/27 MP: 3/3
  1307 | D:2      | Found Jellokink's Antique Armour Emporium.
  1869 | D:3      | Reached skill level 4 in Axes
  1904 | D:3      | Gained mutation: A weak demonic guardian rushes to your
                  | aid. [demonic ancestry]
  1904 | D:3      | Reached XP level 4. HP: 33/33 MP: 4/4
  2113 | D:3      | Found a shimmering blue altar of Sif Muna.
  2113 | D:3      | Found a basalt altar of Yredelemnul.
  2887 | D:4      | Noticed a phantom
  2927 | D:4      | Noticed Sigmund
  3038 | D:4      | Reached XP level 5. HP: 9/38 MP: 5/5
  3569 | D:4      | Found a hide-covered altar of Uskayaw.
  3587 | D:4      | Reached skill level 5 in Axes
  3832 | D:4      | Killed a phantom
  3833 | D:4      | Gained mutation: Your movements are slightly less
                  | encumbered by armour. (ER -2) [demonic ancestry]
  3833 | D:4      | Reached XP level 6. HP: 22/44 MP: 6/6
  4236 | D:4      | Reached skill level 6 in Axes
  4262 | D:4      | Gained mutation: Your movements are less encumbered by
                  | armour. (ER -4) [demonic ancestry]
  4262 | D:4      | Reached XP level 7. HP: 31/50 MP: 7/7
  4566 | D:4      | Killed Sigmund
  4567 | D:4      | Reached skill level 5 in Dodging
  4594 | D:4      | Reached skill level 7 in Axes
  5502 | D:4      | Gained mutation: A demonic guardian rushes to your aid.
                  | [demonic ancestry]
  5502 | D:4      | Reached XP level 8. HP: 38/56 MP: 8/8
  5966 | D:5      | Entered Level 5 of the Dungeon
  6044 | D:5      | Reached skill level 8 in Axes
  6105 | D:5      | Reached skill level 1 in Armour
  6939 | D:5      | Reached skill level 9 in Axes
  7419 | D:5      | Found a runed translucent door.
  7420 | D:5      | Noticed Crazy Yiuf
  7610 | D:6      | Noticed Grinder
  7613 | D:6      | Reached XP level 9. HP: 61/61 MP: 9/9
  7634 | D:6      | Paralysed by Grinder for 3 turns
  7651 | D:6      | Paralysed by Grinder for 4 turns
  7668 | D:6      | Killed Grinder
  7842 | D:6      | Identified the +9 sling of Fury {vorpal, +Blink rPois SInv
                  | Stlth-}
  8142 | D:6      | Found a blossoming altar of Fedhas.
  8285 | D:6      | Reached skill level 10 in Axes
  8346 | D:6      | Noticed Eustachio
  8384 | D:6      | Killed Eustachio
  8418 | D:6      | Found a snail-covered altar of Cheibriados.
  9043 | D:7      | Reached skill level 5 in Armour
  9089 | D:7      | Reached skill level 11 in Axes
  9218 | D:7      | Found a staircase to the Ecumenical Temple.
  9625 | D:7      | Gained mutation: A meltable shield of frost defends you.
                  | (SH +4) [demonic ancestry]
  9625 | D:7      | Reached XP level 10. HP: 67/67 MP: 10/10
 10081 | D:8      | Found a stormy altar of Qazlal.
 10208 | D:8      | Found a transporter.
 10236 | D:8      | Found a broken altar of Ashenzari.
 10307 | D:8      | Found a transporter.
 10600 | D:8      | Found a staircase to the Lair.
 10683 | D:8      | Found a flagged portal.
 10692 | Bailey   | Entered a bailey
 11079 | Bailey   | Reached skill level 12 in Axes
 11313 | Bailey   | Slain by an orc warrior

Illustrated notes

Levels and vault maps discovered:
D:1:      dpeg_chamrin_arrival_tetris, layout_loops_ring,
          dreamdust_ecumenical_altar_grove, grunt_decor_fettered
D:2:      kb_forest_paths, layout_basic, serial_shops, nicolae_shop_waterfront
D:3:      layout_rooms, nicolae_overflow_two_pavilions, st_stairs_14,
          chequers_serial_rivers_micro_e
D:4:      lemuel_castle_with_subvaults [lemuel_castle_interior_original],
          layout_loops_cross, nicolae_uskayaw_dance_hall, uniq_sigmund
D:5:      layout_loops_ring, minmay_fractal_squares_diagonal_5,
          uniq_crazy_yiuf_cottage
D:6:      layout_loops_corners, cheibriados_altar_2, fedhas_altar_2,
          feat_on_display, uniq_grinder, uniq_eustachio
D:7:      layout_basic, temple_fountains
D:8:      gammafunk_steamed_eel, layout_gridville, grunt_qazlal_clouds,
          ashenzari_altar_1, erik_lair_island, enter_bailey_2,
          hangedman_decor_slide_cut
Bailey:   bailey_polearm_flooded_kennysheep, bailey

Skill      XL: |  1  2  3  4  5  6  7  8  9 10 |
---------------+-------------------------------+-----
Axes           | 3 4 5 6 7 9 11 12 | 12.1
Dodging        | 3 4 5 |  5.8
Armour         | 3 5 6 |  6.4
Fighting       | |  2.0
Throwing       | |  1.7

Action                   |  1- 3 |  4- 6 |  7- 9 | 10-12 || total
-------------------------+-------+-------+-------+-------++-------
Melee: War axe           |    93 |   129 |   455 |   145 ||   822
       Kick              |    16 |    25 |   128 |    39 ||   208
       Punch             |     1 |       |     4 |     1 ||     6
Throw: Throwing net      |       |       |     6 |     1 ||     7
Evoke: Wand              |       |       |       |     2 ||     2
  Use: Scroll            |       |     5 |       |     7 ||    12
       Potion            |       |     1 |     1 |     3 ||     5
 Stab: Sleeping          |     1 |       |       |       ||     1
       Distracted        |       |     1 |       |       ||     1
       Held in net/web   |       |       |     4 |       ||     4
       Paralysed         |       |       |       |     1 ||     1
Armor: Leather armour    |    35 |    35 |       |       ||    70
       Plate armour      |       |       |   294 |   122 ||   416
Dodge: Dodged            |    69 |    95 |   238 |    84 ||   486
Block: Other             |       |       |       |    30 ||    30
